cohdb
Replays
Latest Replays
All Replays
Popular Replays
Top Player Replays
Match Explorer
How It Works
Community
CoH3 Stats
Reddit
Sign in to upload your games and track your stats! →
Sign in with Steam
Match 42111681
Unlisted
Match 42111681
Overview
Messages
Build Orders
End
Panzergrenadier Squad
Panzergrenadier Squad
Panzergrenadier Squad
Construct Light Support Kompanie
2.5-tonne Medical Truck
Fire Support Elements
Assault Mechanized Group
Selects Battlefield Espionage Battlegroup
Selects 250/3 Funkpanzerwagen
Flakvierling Half-track
2.5-tonne Medical Truck
Construct Panzerarmee Kommand
Assault Mechanized Group
Flak 36 Anti-tank Gun Team
KeineZeit
SHEFF
Dave
goatboy
toymachinary
Mercenary
0
0
Comments
sign in to comment!
No comments posted yet!